cohdb
Replays
Latest Replays
All Replays
Popular Replays
Top Player Replays
Match Explorer
How It Works
Community
CoH3 Stats
Reddit
Sign in to upload your games and track your stats! →
Sign in with Steam
Match 42113708
Unlisted
Match 42113708
Overview
Messages
Build Orders
End
Kradschützen Motorcycle Team
Selects Battlefield Espionage Battlegroup
Selects Sector Subterfuge Beacon
250 Light Carrier
Panzergrenadier Squad
Panzergrenadier Squad
250 Light Carrier
Selects Transfer Depots
Construct Light Support Kompanie
Fire Support Elements
Panzerjäger Mechanized Group
Pak 38 Anti-tank Gun Team
Mr Gizard The Lizard Wizard
Kitsuné
0
0
Comments
sign in to comment!
No comments posted yet!